 Dungeon Crawl Stone Soup version 0.29.1-14-g9c671dbff4 (webtiles) character file.

Game seed: 8717026706006536701

373 Barneous the Conjurer (level 6, 0/36 HPs)
             Began as an Octopode Conjurer on Feb 17, 2023.
             Was an Initiate of Sif Muna.
             Slain by a gnoll
             ... wielding a +0 club
             ... led by a gnoll bouda
              (6 damage)
             ... on level 4 of the Dungeon.
             The game lasted 00:12:23 (5068 turns).

Barneous the Conjurer (Octopode Conjurer)           Turns: 5068, Time: 00:12:24

Health: 0/36       AC:  1    Str:  7    XL:     6   Next: 72%
Magic:  10/10      EV: 13    Int: 22    God:    Sif Muna [......]
Gold:   123        SH:  0    Dex: 10    Spells: 7/11 levels left

rFire   . . .      SeeInvis .   f - +3 short sword (flame)
rCold   . . .      Faith    .   (no shield)
rNeg    . . .      Spirit   .   (helmet restricted)
rPois   .          Reflect  .   (no amulet)
rElec   .          Harm     .   g - ring of resist corrosion
rCorr   +          Rampage  .   (no ring)
Will    .....                   (no ring)
Stlth   ++++......              (no ring)
HPRegen 0.12/turn               (no ring)
MPRegen 0.12/turn               (no ring)
                                (no ring)
                                (no ring)

@: mighty, weakened, hasted, invisible, very quick
A: almost no armour, amphibious, 8 rings, camouflage 1, gelatinous body 1,
(nimble swimmer 1), tentacles
a: Renounce Religion


You were on level 4 of the Dungeon.
You worshipped Sif Muna.
Sif Muna was noncommittal.
You visited 1 branch of the dungeon, and saw 4 of its levels.

You collected 123 gold pieces.

Inventory:

Hand Weapons
 f - a +3 short sword of flaming (weapon)
Jewellery
 g - a ring of resist corrosion (left tentacle)
Wands
 e - a wand of polymorph (6)
Scrolls
 a - a scroll of identify
 b - 4 scrolls of fear
 c - 2 scrolls of blinking
 h - a scroll of enchant armour
Potions
 d - 2 potions of haste
 i - a potion of resistance
 k - a potion of magic


   Skills:
 + Level 1.4 Short Blades
 + Level 3.4 Dodging
 + Level 4.8 Stealth
 + Level 2.5 Unarmed Combat
 + Level 3.1 Spellcasting
 + Level 4.9 Conjurations


You had 7 spell levels left.
You knew the following spells:

 Your Spells              Type           Power      Damage    Failure   Level
a - Magic Dart            Conj           100%       1d8       1%          1
b - Searing Ray           Conj           50%        2d6       2%          2
c - Necrotise             Necr           12%        1d4       12%         1

Your spell library contained the following spells:

 Spells                   Type           Power      Damage    Failure   Level
 Dazzling Flash           Conj/Hex       28%        N/A       14%         3
 Vampiric Draining        Necr           3%         2d6       36%         3
 Fulminant Prism          Conj/Hex       7%         3d7       41%         4
 Iskenderun's Mystic Bla  Conj/Tloc      14%        2d5       41%         4
 Agony                    Necr           3%         N/A       98%         5


Dungeon Overview and Level Annotations

Branches:
Dungeon (4/15)
 Temple: D:4-7

Altars:
Kikubaaqudgha
Ru
Sif Muna
Vehumet


Innate Abilities, Weirdness & Mutations

You cannot wear most types of armour.
You are amphibious.
You can wear up to eight rings at the same time.
Your skin changes colour to match your surroundings (Stealth+).
Your rubbery body absorbs attacks. (AC +1, EV +1)
((You are camouflaged when in or above water. (Stealth+)))
You have tentacles for arms and can constrict up to eight enemies at once.


Message History

You hit the gnoll. You burn the gnoll.
You squeeze the gnoll, but do no damage.
The gnoll is severely wounded.
You constrict the gnoll.
The gnoll escapes!
You closely miss the gnoll. You grab the gnoll. You squeeze the gnoll.
You kill the gnoll!
Sif Muna accepts your kill.
You barely miss the gnoll bouda. Your grab misses the gnoll bouda.
You closely miss the gnoll bouda. You grab the gnoll bouda.
You squeeze the gnoll bouda, but do no damage.
You constrict the gnoll bouda, but do no damage.
The gnoll hits you but does no damage.
The gnoll bouda hits you with a +0 whip!
You hit the gnoll bouda. You burn the gnoll bouda. You squeeze the gnoll bouda.
The gnoll bouda is heavily wounded.
You constrict the gnoll bouda, but do no damage.
The gnoll bouda gazes fiercely through you!
You feel your attacks grow feeble. The gnoll bouda barely misses you.
The gnoll hits you with a +0 club.
* * * LOW HITPOINT WARNING * * *
The gnoll misses you.
You fade into invisibility!
You constrict the gnoll bouda. The gnoll bouda closely misses you.
The gnoll barely misses you. The gnoll hits you but does no damage.
You feel yourself speed up.
You constrict the gnoll bouda. The gnoll bouda misses you.
The gnoll hits you with a +0 club.
* * * LOW HITPOINT WARNING * * *
The gnoll closely misses you.
You feel very mighty all of a sudden.
You constrict the gnoll bouda. The gnoll bouda misses you.
You catch the helpless gnoll bouda completely off-guard!
You puncture the gnoll bouda! You burn the gnoll bouda.
You kill the gnoll bouda!
Sif Muna accepts your kill. The gnoll completely misses you.
You barely miss the gnoll. You grab the gnoll. You constrict the gnoll.
The gnoll hits you with a +0 club.
* * * LOW HITPOINT WARNING * * *
The gnoll misses you. The gnoll hits you with a +0 club.
You die...

..........###.....####.........##
.....................+.........+.
#...##.#..#####...####..÷......##
#..###.#..######.## ##.......###
#.###..#.......†.# ##))...## #
#.# #.##.#######.# ##)..##
#.###.##.# #.# ##)## #........#
###g## #.# #####.#### #)g@.# #.#
#.# #.#g## ##.##### #.# #.###
##......# #.# #g #.....#.# ..# #g
##....##.# ###
#g########.....##.##
#...................
############..###.## ##.###.#


You could see 3 gnolls.

Vanquished Creatures
  A black bear (D:4)
  A necrophage (D:4)
  A gnoll bouda (D:4)
  Ijyb (D:4)
  Terence (D:3)
  Robin (D:3)
  A gnoll (D:4)
  4 adders
  A worm (D:2)
  A dart slug (D:3)
  6 orcs (D:4)
  6 endoplasms
  4 giant cockroaches
  13 goblins
  8 hobgoblins
  3 jackals (D:1)
  A quokka (D:4)
  6 ball pythons
  7 bats
  3 frilled lizards
  4 kobolds
  6 rats
80 creatures vanquished.

Vanquished Creatures (collateral kills)
  A ball python (D:2)
1 creature vanquished.

Grand Total: 81 creatures vanquished

Notes
Turn   | Place    | Note
-------+----------+-------------------------------------------
     0 | D:1      | Barneous the Octopode Conjurer began the quest for the Orb.
     0 | D:1      | Reached XP level 1. HP: 11/11 MP: 3/3
   386 | D:1      | Reached XP level 2. HP: 17/17 MP: 1/5
   442 | D:1      | You fall into a shaft and drop 1 floor!
   684 | D:1      | Found a faded altar of an unknown god.
  1365 | D:1      | Reached XP level 3. HP: 21/21 MP: 6/6
  1382 | D:1      | Reached skill level 1 in Unarmed Combat
  2861 | D:3      | Reached XP level 4. HP: 27/27 MP: 0/7
  3027 | D:3      | Noticed Terence
  3031 | D:3      | Learned a level 2 spell: Searing Ray
  3042 | D:3      | Killed Terence
  3201 | D:3      | Noticed Robin
  3210 | D:3      | Killed Robin
  3497 | D:3      | Reached XP level 5. HP: 31/31 MP: 2/9
  3728 | D:3      | Found a radiant altar of Vehumet.
  3728 | D:3      | Found an ancient bone altar of Kikubaaqudgha.
  3750 | D:3      | Found a sacrificial altar of Ru.
  3751 | D:3      | Found a shimmering blue altar of Sif Muna.
  3755 | D:3      | Became a worshipper of Sif Muna the Loreminder
  3987 | D:4      | Learned a level 1 spell: Necrotise
  4446 | D:4      | Noticed Ijyb
  4458 | D:4      | Killed Ijyb
  4459 | D:4      | Reached skill level 1 in Short Blades
  4459 | D:4      | Reached XP level 6. HP: 22/36 MP: 10/10
  4723 | D:4      | Noticed a black bear
  4734 | D:4      | Killed a black bear
  5068 | D:4      | Slain by a gnoll

Illustrated notes

Levels and vault maps discovered:
D:1:      dpeg_arrival_subterranean_lakeside_camping, layout_basic,
          shapermc_ecumenical_altar_notcrosses
D:2:      layout_basic
D:3:      layout_loops_ring, mainiacjoe_overflow_alcove_3,
          hangedman_decor_clover_reticule, serial_bayou_crossing, uniq_robin,
          uniq_terence
D:4:      layout_loops_corners, minmay_misc_feat_more_columns, uniq_ijyb

Skill      XL: |  1  2  3  4  5  6 |
---------------+-------------------+-----
Stealth        | 3 4 |  4.8
Unarmed Combat | 1 2 |  2.5
Dodging        | 3 |  3.4
Short Blades   | 1 |  1.4
Spellcasting   | 3 |  3.1
Conjurations   | |  4.9

Action                   |  1- 3 |  4- 6 || total
-------------------------+-------+-------++-------
Melee: Short sword       |    36 |    50 ||    86
       Constrict         |     8 |    12 ||    20
       Tentacles         |     5 |     9 ||    14
       Punch             |     1 |       ||     1
       Unarmed           |       |     3 ||     3
 Cast: Magic Dart        |    52 |    53 ||   105
       Searing Ray       |       |     2 ||     2
  Use: Scroll            |    10 |     2 ||    12
       Potion            |     5 |     5 ||    10
 Stab: Sleeping          |    12 |     1 ||    13
       Invisible         |       |     1 ||     1
Armor: Skin              |     3 |     5 ||     8
Dodge: Dodged            |    22 |    35 ||    57
